3272 views
Uploaded 2020-03-15 21:26:46
Game version 1.32.2
34:15 long 4on4 ladder game on (8)GolemsInTheMist_LV
Saved by ChuckleMan
3272 views
Uploaded 2020-03-15 21:26:46
Game version 1.32.2
34:15 long 4on4 ladder game on (8)GolemsInTheMist_LV


149 units @ 19.6k
/ 2.7k
70 buildings @ 8.8k
/ 4.2k


| Wisp | 17 | 1020 | / | 0 |
| Archer | 4 | 520 | / | 40 |
| Huntress | 7 | 1365 | / | 140 |
| total: | 28 | 2905g | / | 180w |
| Ancient Protector | 2 | 270 | / | 160 |
| Altar of Elders | 1 | 180 | / | 50 |
| Moon Well | 4 | 720 | / | 160 |
| Ancient of War | 1 | 150 | / | 60 |
| Hunter's Hall | 1 | 210 | / | 100 |
| Tree of Life | 1 | 340 | / | 185 |
| Chimaera Roost | 2 | 280 | / | 380 |
| Tree of Ages | 1 | 320 | / | 180 |
| Tree of Eternity | 1 | 330 | / | 200 |
| total: | 12 | 2150g | / | 1095w |
| 0:02 | Wisp |
| 0:02 | Wisp |
| 0:13 | Altar of Elders |
| 0:22 | Moon Well |
| 0:24 | Wisp |
| 0:32 | Ancient of War |
| 0:35 | Wisp |
| 0:49 | Wisp |
| 1:01 | Wisp |
| 1:21 | Wisp |
| 1:29 | Moon Well |
| 1:34 | Archer |
| 1:40 | Archer |
| 2:14 | Hunter's Hall |
| 2:21 | Force of Nature |
| 2:37 | Archer |
| 2:38 | Archer |
| 3:14 | Wisp |
| 3:14 | Wisp |
| 3:21 | Ancient Protector |
| 3:24 | Ancient Protector |
| 3:37 | Huntress |
| 3:57 | Wisp |
| 3:57 | Wisp |
| 3:57 | Wisp |
| 4:03 | Huntress |
| 4:22 | Sentinel |
| 4:49 | Huntress |
| 5:34 | Tree of Ages |
| 5:46 | Moon Well |
| 6:09 | Ultravision |
| 6:37 | Huntress |
| 7:05 | Huntress |
| 7:21 | Entangling Roots |
| 7:51 | Huntress |
| 8:04 | Moon Well |
| 9:05 | Tree of Eternity |
| 10:46 | Trueshot Aura |
| 11:50 | Entangling Roots |
| 12:09 | Chimaera Roost |
| 12:10 | Chimaera Roost |
| 12:14 | Well Spring |
| 12:16 | Wisp |
| 12:16 | Wisp |
| 12:16 | Wisp |
| 12:16 | Wisp |
| 12:16 | Wisp |
| 12:24 | Huntress |
| 12:48 | Strength of the Wild |
| 17:29 | Scout |
| 19:36 | Thorns Aura |
| 22:05 | Trueshot Aura |
| 23:34 | Tree of Life |
| 24:23 | Searing Arrows |
| 26:09 | Entangling Roots |
| Right click | 1058 |
| Select | 281 |
| Build/train/purchase | 55 |
| Use ability | 46 |
| Resource trade | 46 |
| Minimap ping | 13 |
| Remove unit | 3 |


| Ivory Tower | 1 | 40 |
| total: | 1 | 40g |
| Acolyte | 3 | 225 | / | 0 |
| Ghoul | 6 | 720 | / | 0 |
| Crypt Fiend | 9 | 1935 | / | 360 |
| Necromancer | 1 | 145 | / | 20 |
| Obsidian Statue | 2 | 400 | / | 70 |
| Meat Wagon | 1 | 230 | / | 50 |
| total: | 22 | 3655g | / | 500w |
| Nerubian Tower | 1 | 100 | / | 20 |
| Spirit Tower | 2 | 290 | / | 80 |
| Crypt | 1 | 200 | / | 50 |
| Altar of Darkness | 1 | 180 | / | 50 |
| Ziggurat | 7 | 1050 | / | 350 |
| Graveyard | 1 | 215 | / | 0 |
| Tomb of Relics | 1 | 130 | / | 30 |
| Slaughterhouse | 2 | 280 | / | 270 |
| Temple of the Damned | 2 | 310 | / | 280 |
| Sacrificial Pit | 1 | 75 | / | 150 |
| Halls of the Dead | 1 | 320 | / | 210 |
| Black Citadel | 1 | 325 | / | 230 |
| total: | 16 | 2440g | / | 1180w |
| 0:04 | Acolyte |
| 0:08 | Crypt |
| 0:10 | Altar of Darkness |
| 0:25 | Ziggurat |
| 0:32 | Acolyte |
| 1:02 | Graveyard |
| 1:11 | Ghoul |
| 1:24 | Ghoul |
| 1:39 | Ziggurat |
| 1:51 | Ghoul |
| 2:03 | Ghoul |
| 2:18 | Vampiric Aura |
| 2:28 | Nerubian Tower |
| 2:33 | Ghoul |
| 2:39 | Tomb of Relics |
| 3:04 | Ghoul |
| 3:18 | Crypt Fiend |
| 3:33 | Ziggurat |
| 3:42 | Spirit Tower |
| 4:12 | Ziggurat |
| 4:39 | Crypt Fiend |
| 5:02 | Halls of the Dead |
| 5:27 | Crypt Fiend |
| 5:58 | Spirit Tower |
| 5:59 | Crypt Fiend |
| 6:36 | Crypt Fiend |
| 6:39 | Creature Carapace |
| 7:02 | Crypt Fiend |
| 7:33 | Slaughterhouse |
| 7:35 | Web |
| 7:39 | Slaughterhouse |
| 7:45 | Sleep |
| 7:53 | Temple of the Damned |
| 8:00 | Acolyte |
| 8:39 | Sacrificial Pit |
| 8:41 | Black Citadel |
| 8:53 | Temple of the Damned |
| 11:51 | Crypt Fiend |
| 11:51 | Crypt Fiend |
| 11:53 | Necromancer |
| 11:54 | Skeletal Mastery |
| 11:57 | Obsidian Statue |
| 12:25 | Crypt Fiend |
| 12:39 | Obsidian Statue |
| 12:46 | Necromancer Adept Training |
| 12:53 | Exhume Corpses |
| 12:54 | Meat Wagon |
| 14:17 | Ziggurat |
| 14:23 | Ziggurat |
| 14:25 | Ziggurat |
| 14:30 | Death Coil |
| 14:34 | Necromancer Master Training |
| 14:39 | Creature Attack |
| 14:55 | Burrow |
| 15:17 | Ivory Tower |
| 17:22 | Sleep |
| 21:47 | Vampiric Aura |
| 25:15 | Sleep |
| 32:08 | Inferno |
| Right click | 1069 |
| Select | 401 |
| Build/train/purchase | 56 |
| Resource trade | 24 |
| Use ability | 18 |
| Minimap ping | 5 |


| Peasant | 11 | 825 | / | 0 |
| Footman | 7 | 945 | / | 0 |
| Sorceress | 5 | 775 | / | 100 |
| Priest | 2 | 270 | / | 20 |
| Spell Breaker | 8 | 1720 | / | 240 |
| Flying Machine | 35 | 3500 | / | 1050 |
| total: | 68 | 8035g | / | 1410w |
| Scout Tower | 2 | 60 | / | 40 |
| Arcane Tower | 4 | 280 | / | 200 |
| Altar of Kings | 1 | 180 | / | 50 |
| Farm | 14 | 1120 | / | 280 |
| Barracks | 1 | 160 | / | 60 |
| Arcane Vault | 1 | 130 | / | 30 |
| Blacksmith | 1 | 140 | / | 60 |
| Arcane Sanctum | 2 | 300 | / | 280 |
| Workshop | 3 | 420 | / | 420 |
| Keep | 2 | 640 | / | 420 |
| total: | 25 | 2510g | / | 1220w |
| 0:02 | Peasant |
| 0:03 | Peasant |
| 0:05 | Altar of Kings |
| 0:18 | Farm |
| 0:20 | Barracks |
| 0:27 | Peasant |
| 0:36 | Peasant |
| 0:48 | Farm |
| 0:52 | Peasant |
| 1:11 | Peasant |
| 1:23 | Footman |
| 1:25 | Peasant |
| 1:33 | Farm |
| 1:45 | Footman |
| 1:53 | Peasant |
| 2:09 | Summon Water Elemental |
| 2:19 | Footman |
| 2:28 | Footman |
| 2:50 | Keep |
| 3:31 | Brilliance Aura |
| 3:43 | Footman |
| 3:47 | Scout Tower |
| 3:52 | Footman |
| 3:58 | Farm |
| 4:16 | Arcane Tower |
| 4:20 | Footman |
| 4:54 | Scout Tower |
| 5:17 | Arcane Sanctum |
| 5:19 | Peasant |
| 5:22 | Farm |
| 5:24 | Arcane Tower |
| 5:35 | Peasant |
| 5:53 | Arcane Sanctum |
| 6:07 | Peasant |
| 6:13 | Storm Bolt |
| 6:37 | Sorceress |
| 6:38 | Priest |
| 6:42 | Farm |
| 6:57 | Farm |
| 7:13 | Priest Adept Training |
| 7:14 | Priest |
| 7:37 | Sorceress |
| 7:38 | Arcane Vault |
| 7:46 | Sorceress |
| 8:15 | Farm |
| 8:38 | Sorceress |
| 8:41 | Summon Water Elemental |
| 8:48 | Farm |
| 9:14 | Spell Breaker |
| 9:14 | Spell Breaker |
| 9:15 | Spell Breaker |
| 9:15 | Spell Breaker |
| 9:43 | Thunder Clap |
| 10:24 | Spell Breaker |
| 10:58 | Spell Breaker |
| 11:46 | Blacksmith |
| 12:08 | Sorceress |
| 12:09 | Spell Breaker |
| 12:46 | Workshop |
| 13:09 | Spell Breaker |
| 13:24 | Black Gunpowder |
| 13:49 | Flying Machine |
| 13:49 | Flying Machine |
| 13:50 | Flying Machine |
| 13:51 | Flak Cannons |
| 13:52 | Flying Machine |
| 13:52 | Flying Machine |
| 13:52 | Flying Machine |
| 13:52 | Flying Machine |
| 14:20 | Workshop |
| 14:36 | Flying Machine |
| 14:36 | Flying Machine |
| 14:43 | Flying Machine |
| 14:44 | Flying Machine |
| 14:44 | Flying Machine |
| 14:44 | Flying Machine |
| 14:52 | Refined Gunpowder |
| 14:52 | Imbued Gunpowder |
| 14:54 | Flying Machine |
| 14:57 | Flying Machine |
| 15:12 | Flying Machine |
| 15:14 | Flying Machine |
| 15:27 | Farm |
| 15:31 | Workshop |
| 15:42 | Flying Machine |
| 15:56 | Flying Machine |
| 15:58 | Flying Machine |
| 15:59 | Farm |
| 16:21 | Flying Machine |
| 16:21 | Flying Machine |
| 16:23 | Flying Machine |
| 16:23 | Flying Machine |
| 16:29 | Farm |
| 16:45 | Flying Machine |
| 16:46 | Flying Machine |
| 16:46 | Flying Machine |
| 16:58 | Flying Machine |
| 16:58 | Flying Machine |
| 17:21 | Storm Bolt |
| 18:00 | Flying Machine |
| 18:00 | Flying Machine |
| 18:01 | Flying Machine |
| 18:01 | Flying Machine |
| 18:02 | Flying Machine |
| 18:02 | Flying Machine |
| 21:34 | Brilliance Aura |
| 21:37 | Thunder Clap |
| 23:29 | Farm |
| 24:11 | Summon Water Elemental |
| 24:18 | Farm |
| 24:37 | Storm Bolt |
| 31:33 | Mass Teleport |
| 32:15 | Avatar |
| Select group | 2312 |
| Right click | 1403 |
| Select | 672 |
| Misc. action | 271 |
| Build/train/purchase | 182 |
| Assign group | 115 |
| Use ability | 28 |
| Minimap ping | 4 |

| Potion of Healing | 1 | 150 |
| Scroll of Town Portal | 1 | 350 |
| Boots of Speed | 1 | 250 |
| total: | 3 | 750g |
| Peasant | 8 | 600 | / | 0 |
| Footman | 4 | 540 | / | 0 |
| Rifleman | 8 | 1640 | / | 240 |
| Dragonhawk Rider | 11 | 2200 | / | 330 |
| total: | 31 | 4980g | / | 570w |
| Scout Tower | 4 | 120 | / | 80 |
| Arcane Tower | 2 | 140 | / | 100 |
| Guard Tower | 2 | 140 | / | 100 |
| Altar of Kings | 1 | 180 | / | 50 |
| Barracks | 2 | 320 | / | 120 |
| Farm | 5 | 400 | / | 100 |
| Lumber Mill | 1 | 120 | / | 0 |
| Blacksmith | 1 | 140 | / | 60 |
| Arcane Vault | 1 | 130 | / | 30 |
| Gryphon Aviary | 1 | 140 | / | 150 |
| Workshop | 1 | 140 | / | 140 |
| Keep | 1 | 320 | / | 210 |
| Castle | 1 | 360 | / | 210 |
| total: | 17 | 1690g | / | 730w |
| 0:04 | Peasant |
| 0:09 | Altar of Kings |
| 0:13 | Peasant |
| 0:16 | Barracks |
| 0:20 | Peasant |
| 0:32 | Farm |
| 0:39 | Peasant |
| 0:51 | Peasant |
| 1:17 | Farm |
| 1:23 | Footman |
| 1:32 | Footman |
| 1:39 | Peasant |
| 1:53 | Farm |
| 2:08 | Footman |
| 2:20 | Holy Light |
| 2:53 | Lumber Mill |
| 2:56 | Peasant |
| 2:56 | Peasant |
| 3:08 | Scout Tower |
| 3:36 | Arcane Tower |
| 3:39 | Scout Tower |
| 3:44 | Farm |
| 4:01 | Blacksmith |
| 4:05 | Footman |
| 4:07 | Defend |
| 4:11 | Guard Tower |
| 5:01 | Scout Tower |
| 5:16 | Rifleman |
| 5:32 | Rifleman |
| 5:41 | Arcane Tower |
| 5:50 | Scout Tower |
| 6:02 | Divine Shield |
| 6:25 | Rifleman |
| 6:25 | Rifleman |
| 6:29 | Guard Tower |
| 6:54 | Boots of Speed |
| 7:20 | Farm |
| 7:58 | Black Gunpowder |
| 8:00 | Keep |
| 10:43 | Holy Light |
| 12:09 | Long Rifles |
| 12:09 | Rifleman |
| 12:15 | Barracks |
| 12:19 | Arcane Vault |
| 12:22 | Improved Masonry |
| 12:24 | Castle |
| 12:37 | Refined Gunpowder |
| 12:38 | Studded Leather Armor |
| 13:08 | Rifleman |
| 13:20 | Gryphon Aviary |
| 13:26 | Scroll of Town Portal |
| 13:26 | Potion of Healing |
| 14:16 | Rifleman |
| 14:18 | Rifleman |
| 14:44 | Workshop |
| 14:56 | Reinforced Leather Armor |
| 14:57 | Imbued Gunpowder |
| 15:03 | Dragonhawk Rider |
| 15:04 | Dragonhawk Rider |
| 15:04 | Dragonhawk Rider |
| 16:50 | Dragonhawk Rider |
| 16:50 | Dragonhawk Rider |
| 16:50 | Dragonhawk Rider |
| 17:26 | Devotion Aura |
| 18:01 | Dragonhawk Rider |
| 18:01 | Dragonhawk Rider |
| 18:01 | Dragonhawk Rider |
| 18:03 | Cloud |
| 20:05 | Dragonhawk Rider |
| 20:05 | Dragonhawk Rider |
| 21:42 | Holy Light |
| 27:17 | Resurrection |
| Right click | 1047 |
| Select | 245 |
| Build/train/purchase | 65 |
| Use ability | 42 |
| Minimap ping | 19 |
| Resource trade | 12 |
| Esc | 8 |
| Misc. action | 1 |
| Item give/drop | 1 |
194 units @ 28.6k
/ 5k
91 buildings @ 15.4k
/ 7.3k

| Scroll of Town Portal | 4 | 1400 |
| Scroll of Healing | 1 | 250 |
| Scroll of Protection | 1 | 150 |
| Scroll of Speed | 1 | 50 |
| total: | 7 | 1850g |
| Wisp | 38 | 2280 | / | 0 |
| Chimaera | 8 | 2640 | / | 560 |
| Goblin Shredder | 2 | 750 | / | 200 |
| Goblin Zeppelin | 1 | 240 | / | 60 |
| Siege Engine | 9 | 1755 | / | 540 |
| Peasant | 6 | 450 | / | 0 |
| Flying Machine | 4 | 400 | / | 120 |
| total: | 68 | 8515g | / | 1480w |
| Altar of Elders | 1 | 180 | / | 50 |
| Moon Well | 9 | 1620 | / | 360 |
| Ancient of War | 1 | 150 | / | 60 |
| Tree of Life | 8 | 2720 | / | 1480 |
| Hunter's Hall | 1 | 210 | / | 100 |
| Ancient of Wind | 2 | 300 | / | 280 |
| Chimaera Roost | 5 | 700 | / | 950 |
| Tree of Ages | 1 | 320 | / | 180 |
| Tree of Eternity | 1 | 330 | / | 200 |
| Farm | 4 | 320 | / | 80 |
| Town Hall | 1 | 385 | / | 205 |
| Workshop | 2 | 280 | / | 280 |
| total: | 34 | 6865g | / | 3845w |
| 0:04 | Wisp |
| 0:05 | Wisp |
| 0:11 | Altar of Elders |
| 0:17 | Moon Well |
| 0:19 | Wisp |
| 0:30 | Wisp |
| 0:44 | Wisp |
| 0:48 | Wisp |
| 0:56 | Ancient of War |
| 0:58 | Wisp |
| 1:11 | Wisp |
| 1:30 | Wisp |
| 1:37 | Moon Well |
| 1:40 | Moon Well |
| 1:44 | Wisp |
| 1:44 | Wisp |
| 2:25 | Force of Nature |
| 2:51 | Tree of Ages |
| 3:13 | Tree of Life |
| 3:31 | Moon Well |
| 3:35 | Hunter's Hall |
| 3:58 | Entangling Roots |
| 4:23 | Moon Well |
| 4:53 | Ultravision |
| 5:12 | Goblin Shredder |
| 5:19 | Tree of Eternity |
| 5:52 | Strength of the Wild |
| 5:54 | Ancient of Wind |
| 5:58 | Ancient of Wind |
| 6:40 | Reinforced Hides |
| 7:52 | Chimaera Roost |
| 7:52 | Chimaera Roost |
| 7:54 | Chimaera Roost |
| 7:57 | Chimaera Roost |
| 7:57 | Chimaera Roost |
| 8:08 | Force of Nature |
| 8:11 | Improved Strength of the Wild |
| 9:16 | Chimaera |
| 9:18 | Chimaera |
| 9:19 | Chimaera |
| 9:23 | Moon Well |
| 9:28 | Moon Well |
| 9:31 | Moon Well |
| 9:33 | Moon Well |
| 9:48 | Chimaera |
| 10:23 | Chimaera |
| 10:59 | Chimaera |
| 11:34 | Entangling Roots |
| 11:54 | Force of Nature |
| 11:59 | Chimaera |
| 12:06 | Corrosive Breath |
| 12:23 | Advanced Strength of the Wild |
| 12:51 | Scroll of Town Portal |
| 12:52 | Scroll of Protection |
| 12:52 | Scroll of Healing |
| 13:12 | Tree of Life |
| 14:13 | Improved Reinforced Hides |
| 14:27 | Scroll of Town Portal |
| 14:28 | Scroll of Speed |
| 14:28 | Scroll of Town Portal |
| 15:13 | Tranquility |
| 16:05 | Barrage |
| 16:05 | Siege Engine |
| 16:05 | Siege Engine |
| 16:29 | Devotion Aura |
| 16:38 | Wisp |
| 16:38 | Wisp |
| 16:38 | Wisp |
| 16:39 | Wisp |
| 16:40 | Wisp |
| 16:47 | Workshop |
| 17:28 | Scroll of Town Portal |
| 17:58 | Siege Engine |
| 17:58 | Siege Engine |
| 18:01 | Farm |
| 18:04 | Farm |
| 18:05 | Farm |
| 18:25 | Entangling Roots |
| 18:28 | Chimaera |
| 19:18 | Siege Engine |
| 19:18 | Siege Engine |
| 19:28 | Iron Plating |
| 19:37 | Workshop |
| 20:01 | Siege Engine |
| 20:01 | Siege Engine |
| 21:41 | Peasant |
| 21:41 | Peasant |
| 22:17 | Wisp |
| 22:17 | Wisp |
| 22:17 | Wisp |
| 22:17 | Wisp |
| 22:17 | Wisp |
| 22:18 | Wisp |
| 22:29 | Tree of Life |
| 22:54 | Tree of Life |
| 22:56 | Tree of Life |
| 23:25 | Tree of Life |
| 23:52 | Tree of Life |
| 24:25 | Goblin Shredder |
| 24:33 | Town Hall |
| 25:09 | Wisp |
| 25:09 | Wisp |
| 25:09 | Wisp |
| 25:09 | Wisp |
| 26:23 | Wisp |
| 26:23 | Wisp |
| 26:24 | Wisp |
| 26:33 | Wisp |
| 27:09 | Wisp |
| 27:09 | Wisp |
| 27:09 | Wisp |
| 27:10 | Wisp |
| 27:12 | Wisp |
| 27:12 | Wisp |
| 27:12 | Wisp |
| 27:43 | Siege Engine |
| 27:52 | Peasant |
| 27:52 | Peasant |
| 27:52 | Peasant |
| 27:53 | Peasant |
| 28:31 | Wisp |
| 30:05 | Goblin Zeppelin |
| 31:52 | Tree of Life |
| 32:28 | Flying Machine |
| 32:29 | Flying Machine |
| 32:29 | Flying Machine |
| 32:33 | Farm |
| 32:46 | Flying Machine |
| Right click | 1215 |
| Chat | 726 |
| Select | 393 |
| Select group | 391 |
| Use ability | 214 |
| Build/train/purchase | 124 |
| Assign group | 71 |
| Misc. action | 64 |
| Minimap ping | 14 |
| Resource trade | 12 |
| Esc | 11 |
| Item give/drop | 9 |

| Lesser Clarity Potion | 1 | 70 |
| Healing Salve | 1 | 100 |
| total: | 2 | 170g |
| Peon | 9 | 675 | / | 0 |
| Grunt | 8 | 1600 | / | 0 |
| Demolisher | 16 | 3520 | / | 800 |
| Troll Headhunter | 5 | 700 | / | 100 |
| Troll Berserker | 10 | 1400 | / | 200 |
| Forest Troll Shadow Priest | 1 | 195 | / | 10 |
| Rifleman | 1 | 205 | / | 30 |
| Flying Machine | 10 | 1000 | / | 300 |
| Siege Engine | 15 | 2925 | / | 900 |
| total: | 75 | 12220g | / | 2340w |
| Watch Tower | 2 | 220 | / | 160 |
| Altar of Storms | 2 | 360 | / | 100 |
| Orc Burrow | 7 | 1120 | / | 280 |
| Barracks | 2 | 360 | / | 100 |
| Voodoo Lounge | 1 | 130 | / | 30 |
| War Mill | 1 | 205 | / | 0 |
| Stronghold | 1 | 315 | / | 190 |
| Fortress | 1 | 325 | / | 190 |
| total: | 15 | 2395g | / | 670w |
| 0:05 | Peon |
| 0:05 | Peon |
| 0:09 | Altar of Storms |
| 0:15 | Orc Burrow |
| 0:17 | Peon |
| 0:33 | Barracks |
| 0:45 | Peon |
| 1:01 | Peon |
| 1:12 | Peon |
| 1:33 | Voodoo Lounge |
| 1:35 | Peon |
| 1:49 | Orc Burrow |
| 1:56 | Peon |
| 2:10 | War Mill |
| 2:17 | Wind Walk |
| 2:30 | Peon |
| 3:21 | Barracks |
| 3:26 | Stronghold |
| 3:29 | Orc Burrow |
| 3:58 | Grunt |
| 4:07 | Lesser Clarity Potion |
| 4:09 | Healing Salve |
| 4:39 | Grunt |
| 5:19 | Grunt |
| 5:39 | Orc Burrow |
| 6:16 | Berserker Strength |
| 6:19 | Grunt |
| 7:09 | Orc Burrow |
| 7:13 | Orc Burrow |
| 7:23 | Critical Strike |
| 7:31 | Fortress |
| 8:15 | Forest Troll Shadow Priest |
| 8:35 | Grunt |
| 8:51 | Watch Tower |
| 8:56 | Watch Tower |
| 9:37 | Wind Walk |
| 11:45 | Critical Strike |
| 11:52 | Grunt |
| 11:52 | Grunt |
| 11:52 | Grunt |
| 12:41 | Demolisher |
| 12:41 | Burning Oil |
| 12:53 | Orc Burrow |
| 13:16 | Demolisher |
| 13:16 | Demolisher |
| 13:51 | Demolisher |
| 14:24 | Demolisher |
| 14:25 | Demolisher |
| 14:52 | Demolisher |
| 14:52 | Demolisher |
| 16:39 | Wind Walk |
| 17:06 | Demolisher |
| 17:06 | Demolisher |
| 17:07 | Demolisher |
| 17:07 | Demolisher |
| 18:13 | Berserker Upgrade |
| 18:13 | Troll Regeneration |
| 18:14 | Troll Headhunter |
| 18:14 | Troll Headhunter |
| 18:14 | Troll Headhunter |
| 18:14 | Troll Headhunter |
| 18:15 | Troll Headhunter |
| 18:21 | Rifleman |
| 18:22 | Long Rifles |
| 18:31 | Siege Engine |
| 18:32 | Siege Engine |
| 18:32 | Siege Engine |
| 18:32 | Siege Engine |
| 20:01 | Altar of Storms |
| 20:06 | Troll Berserker |
| 20:07 | Troll Berserker |
| 20:07 | Troll Berserker |
| 20:07 | Troll Berserker |
| 20:07 | Troll Berserker |
| 20:34 | Siege Engine |
| 21:19 | Troll Berserker |
| 21:19 | Troll Berserker |
| 21:32 | Siege Engine |
| 21:32 | Siege Engine |
| 21:32 | Siege Engine |
| 21:33 | Siege Engine |
| 22:11 | Troll Berserker |
| 22:11 | Troll Berserker |
| 22:11 | Troll Berserker |
| 22:54 | Siege Engine |
| 22:54 | Siege Engine |
| 22:54 | Siege Engine |
| 22:58 | Demolisher |
| 22:59 | Demolisher |
| 23:38 | Demolisher |
| 23:39 | Demolisher |
| 26:04 | Siege Engine |
| 26:04 | Siege Engine |
| 26:04 | Siege Engine |
| 30:25 | Flying Machine |
| 30:25 | Flying Machine |
| 30:25 | Flying Machine |
| 30:25 | Flying Machine |
| 30:25 | Flying Machine |
| 32:37 | Flying Machine |
| 32:37 | Flying Machine |
| 32:37 | Flying Machine |
| 32:38 | Flying Machine |
| 32:38 | Flying Machine |
| 32:39 | Flying Machine Bombs |
| 32:40 | Flak Cannons |
| 33:34 | Bladestorm |
| Right click | 1002 |
| Select | 269 |
| Select group | 184 |
| Build/train/purchase | 118 |
| Chat | 20 |
| Use ability | 17 |
| Minimap ping | 14 |
| Assign group | 13 |
| Remove unit | 8 |



| Healing Salve | 3 | 300 |
| Lesser Clarity Potion | 4 | 280 |
| Scroll of Speed | 7 | 350 |
| Orb of Lightning | 4 | 1500 |
| Potion of Healing | 1 | 150 |
| Scroll of Town Portal | 6 | 2100 |
| Boots of Speed | 1 | 250 |
| Potion of Invisibility | 1 | 100 |
| Scroll of Protection | 2 | 300 |
| Potion of Lesser Invulnerability | 1 | 150 |
| total: | 30 | 5480g |
| Peon | 9 | 675 | / | 0 |
| Kodo Beast | 2 | 510 | / | 120 |
| Troll Batrider | 7 | 1120 | / | 280 |
| Troll Berserker | 3 | 420 | / | 60 |
| Shaman | 2 | 260 | / | 40 |
| Knight | 1 | 245 | / | 60 |
| total: | 24 | 3230g | / | 560w |
| Watch Tower | 7 | 770 | / | 560 |
| Altar of Storms | 1 | 180 | / | 50 |
| Orc Burrow | 7 | 1120 | / | 280 |
| Voodoo Lounge | 2 | 260 | / | 60 |
| War Mill | 1 | 205 | / | 0 |
| Barracks | 2 | 360 | / | 100 |
| Great Hall | 1 | 385 | / | 185 |
| Beastiary | 2 | 290 | / | 280 |
| Spirit Lodge | 2 | 300 | / | 300 |
| Stronghold | 1 | 315 | / | 190 |
| Fortress | 1 | 325 | / | 190 |
| total: | 25 | 3870g | / | 1815w |
| 0:05 | Peon |
| 0:05 | Peon |
| 0:10 | Altar of Storms |
| 0:23 | Orc Burrow |
| 0:33 | Peon |
| 0:39 | Voodoo Lounge |
| 0:46 | Peon |
| 0:58 | Peon |
| 1:08 | Peon |
| 1:09 | Peon |
| 1:31 | Peon |
| 1:31 | Peon |
| 2:22 | Stronghold |
| 2:23 | Healing Salve |
| 2:24 | Lesser Clarity Potion |
| 2:25 | Scroll of Speed |
| 2:26 | Lesser Clarity Potion |
| 2:33 | Healing Salve |
| 2:36 | Wind Walk |
| 2:54 | Orc Burrow |
| 3:54 | War Mill |
| 3:58 | Orc Burrow |
| 5:10 | Reinforced Defenses |
| 5:14 | Watch Tower |
| 5:17 | Watch Tower |
| 5:22 | Spiked Barricades |
| 5:37 | Boots of Speed |
| 6:35 | Beastiary |
| 6:39 | Fortress |
| 6:55 | Watch Tower |
| 8:34 | Kodo Beast |
| 8:54 | Critical Strike |
| 8:59 | Lesser Clarity Potion |
| 8:59 | Lesser Clarity Potion |
| 9:00 | Scroll of Speed |
| 9:01 | Orb of Lightning |
| 9:19 | Scroll of Town Portal |
| 10:20 | Healing Wave |
| 11:29 | Potion of Invisibility |
| 11:31 | Scroll of Protection |
| 11:58 | Hex |
| 12:23 | Scroll of Town Portal |
| 12:24 | Scroll of Speed |
| 13:02 | Scroll of Protection |
| 13:03 | Potion of Lesser Invulnerability |
| 13:13 | Liquid Fire |
| 13:15 | Troll Batrider |
| 13:17 | Steel Ranged Weapons |
| 14:41 | Orb of Lightning |
| 14:42 | Potion of Healing |
| 14:48 | Pillage |
| 14:53 | Orc Burrow |
| 15:25 | Endurance Aura |
| 15:30 | Wind Walk |
| 15:39 | Troll Batrider |
| 15:45 | Thorium Ranged Weapons |
| 16:01 | Steel Armor |
| 16:03 | Healing Wave |
| 16:32 | Beastiary |
| 16:39 | Troll Batrider |
| 17:13 | Orb of Lightning |
| 17:19 | Scroll of Speed |
| 18:01 | Troll Batrider |
| 18:03 | Troll Batrider |
| 19:26 | Scroll of Town Portal |
| 19:26 | Scroll of Speed |
| 19:27 | Orb of Lightning |
| 19:51 | Barracks |
| 20:14 | Kodo Beast |
| 20:16 | War Drums Damage Increase |
| 20:29 | Troll Batrider |
| 20:29 | Troll Batrider |
| 20:35 | Barracks |
| 20:39 | Spirit Lodge |
| 20:43 | Spirit Lodge |
| 21:16 | Thorium Armor |
| 21:21 | Orc Burrow |
| 21:26 | Orc Burrow |
| 21:30 | Berserker Upgrade |
| 21:31 | Troll Regeneration |
| 21:40 | Scroll of Town Portal |
| 21:41 | Scroll of Speed |
| 22:02 | War Stomp |
| 22:39 | Scroll of Town Portal |
| 22:40 | Healing Salve |
| 22:48 | Troll Berserker |
| 22:50 | Shaman Adept Training |
| 24:06 | Watch Tower |
| 24:07 | Watch Tower |
| 24:08 | Watch Tower |
| 24:09 | Watch Tower |
| 24:15 | Troll Berserker |
| 24:17 | Shaman Master Training |
| 24:19 | Shaman |
| 24:40 | Voodoo Lounge |
| 26:10 | Troll Berserker |
| 26:14 | Shaman |
| 27:54 | Great Hall |
| 28:42 | Orc Burrow |
| 30:52 | Scroll of Speed |
| 31:07 | Scroll of Town Portal |
| 33:17 | Knight |
| Right click | 943 |
| Select group | 481 |
| Select | 256 |
| Build/train/purchase | 147 |
| Chat | 49 |
| Use ability | 29 |
| Assign group | 21 |
| Item give/drop | 10 |
| Minimap ping | 6 |
| Misc. action | 4 |

| Scroll of Regeneration | 1 | 100 |
| Lesser Clarity Potion | 1 | 70 |
| Potion of Mana | 2 | 400 |
| Scroll of Town Portal | 1 | 350 |
| Periapt of Vitality | 1 | 325 |
| Boots of Speed | 1 | 250 |
| total: | 7 | 1495g |
| Peasant | 5 | 375 | / | 0 |
| Rifleman | 14 | 2870 | / | 420 |
| Priest | 4 | 540 | / | 40 |
| Sorceress | 3 | 465 | / | 60 |
| Goblin Shredder | 1 | 375 | / | 100 |
| total: | 27 | 4625g | / | 620w |
| Altar of Kings | 1 | 180 | / | 50 |
| Barracks | 1 | 160 | / | 60 |
| Farm | 6 | 480 | / | 120 |
| Blacksmith | 1 | 140 | / | 60 |
| Arcane Vault | 1 | 130 | / | 30 |
| Lumber Mill | 3 | 360 | / | 0 |
| Town Hall | 1 | 385 | / | 205 |
| Arcane Sanctum | 1 | 150 | / | 140 |
| Workshop | 1 | 140 | / | 140 |
| Gryphon Aviary | 1 | 140 | / | 150 |
| Keep | 1 | 320 | / | 210 |
| Castle | 1 | 360 | / | 210 |
| total: | 17 | 2265g | / | 955w |
| 0:04 | Peasant |
| 0:04 | Peasant |
| 0:05 | Peasant |
| 0:13 | Altar of Kings |
| 0:19 | Barracks |
| 0:26 | Farm |
| 0:37 | Peasant |
| 0:46 | Peasant |
| 0:59 | Farm |
| 1:30 | Farm |
| 1:49 | Blacksmith |
| 1:59 | Farm |
| 2:27 | Arcane Vault |
| 2:40 | Divine Shield |
| 3:06 | Rifleman |
| 3:06 | Rifleman |
| 3:22 | Black Gunpowder |
| 3:39 | Lumber Mill |
| 3:50 | Rifleman |
| 3:51 | Rifleman |
| 4:15 | Rifleman |
| 4:22 | Scroll of Regeneration |
| 4:23 | Lesser Clarity Potion |
| 4:54 | Studded Leather Armor |
| 4:57 | Rifleman |
| 5:09 | Farm |
| 5:15 | Farm |
| 5:18 | Rifleman |
| 5:41 | Holy Light |
| 5:54 | Goblin Shredder |
| 6:40 | Lumber Mill |
| 6:51 | Lumber Mill |
| 6:58 | Keep |
| 7:03 | Iron Plating |
| 7:06 | Improved Masonry |
| 8:04 | Divine Shield |
| 8:16 | Periapt of Vitality |
| 8:28 | Boots of Speed |
| 9:13 | Rifleman |
| 9:13 | Rifleman |
| 11:01 | Holy Light |
| 11:26 | Rifleman |
| 11:26 | Rifleman |
| 11:27 | Rifleman |
| 11:27 | Rifleman |
| 11:29 | Improved Lumber Harvesting |
| 11:32 | Refined Gunpowder |
| 11:34 | Castle |
| 11:38 | Arcane Sanctum |
| 11:43 | Workshop |
| 11:47 | Gryphon Aviary |
| 11:51 | Iron Forged Swords |
| 11:55 | Steel Forged Swords |
| 12:17 | Potion of Mana |
| 12:21 | Scroll of Town Portal |
| 12:21 | Potion of Mana |
| 13:23 | Town Hall |
| 13:40 | Priest |
| 13:41 | Priest |
| 13:41 | Priest |
| 15:12 | Priest Adept Training |
| 15:14 | Imbued Gunpowder |
| 15:17 | Storm Hammers |
| 15:24 | Sorceress Adept Training |
| 15:26 | Sorceress |
| 15:26 | Sorceress |
| 15:26 | Sorceress |
| 15:27 | Priest |
| 15:31 | Rifleman |
| Right click | 303 |
| Select | 126 |
| Build/train/purchase | 67 |
| Chat | 18 |
| Use ability | 14 |
| Misc. action | 7 |
| Item give/drop | 4 |
| Remove unit | 1 |
⇛